 Dungeon Sprint DCSS version 0.29.1-2-gbd0b4ee654 (webtiles) character file.

Game seed: 5824985420703671342

1846 boopmooplesden the Severer (level 8, -7/90 HPs)
             Began as a Minotaur Berserker on Nov 28, 2022.
             Was a High Priest of Trog.
             Mangled by an earth elemental (39 damage)
             ... in the Dungeon (Sprint III: "The Ten Rune Challenge").
             The game lasted 00:02:10 (1467 turns).

boopmooplesden the Severer (Minotaur Berserker)     Turns: 1467, Time: 00:02:11

Health: -7/90      AC:  2    Str: 25    XL:     8   Next: 88%
Magic:  7/7        EV: 14    Int:  4    God:    Trog [*****.]
Gold:   33         SH:  0    Dex:  9    Spells: 7/7 levels left

rFire   + . .      SeeInvis .   a - +0 hand axe
rCold   + . .      Faith    .   (no shield)
rNeg    . . .      Spirit   .   b - +0 animal skin
rPois   .          Reflect  .   (helmet restricted)
rElec   .          Harm     .   l - scarf {rC+ rF+}
rCorr   .          Rampage  .   (no gloves)
Will    .....      NoTele   +   (no boots)
Stlth   ++........              (no amulet)
HPRegen 0.25/turn               (no ring)
MPRegen 0.10/turn               (no ring)

@: no status effects
A: horns 2, retaliatory headbutt
a: Renounce Religion, Berserk, Trog's Hand, Brothers in Arms


You were in the Dungeon.
You worshipped Trog.
Trog was extremely pleased with you.
You visited 1 branch You collected 33 gold pieces.

Inventory:

Hand Weapons
 a - a +0 hand axe (weapon)
 p - a +0 long sword of holy wrath
 r - a +2 scimitar of flaming
Armour
 b - a +0 animal skin (worn)
 j - a +0 cloak
 l - a scarf of resistance (worn)
Scrolls
 h - a scroll of blinking
 m - a scroll of identify
Potions
 c - 2 potions of curing
 d - a potion of heal wounds
 e - 2 potions of haste
 f - 2 potions of magic
 g - a potion of berserk rage
 i - a potion of lignification
 k - 4 potions of mutation {unknown}
 n - a potion of cancellation {unknown}
 o - 2 potions of flight
Miscellaneous
 q - a phantom mirror


   Skills:
 + Level 14.6 Fighting
 + Level 15.3 Axes
 + Level 5.9 Armour
 + Level 8.2 Dodging
 + Level 4.0 Stealth


You had 7 spell levels left.
You didn't know any spells.
Your spell library was empty.

Dungeon Overview and Level Annotations

Branches:
Dungeon (1/1)

Altars:
Cheibriados
Dithmenos
Elyvilon
Fedhas
Gozag
Hepliaklqana
Kikubaaqudgha
Makhleb
Nemelex Xobeh
Okawaru
Qazlal
Ru
Sif Muna
Trog
Uskayaw
Vehumet
Wu Jian
Xom
Yredelemnul
Zin
The Shining One
Jiyva
Lugonu


Innate Abilities, Weirdness & Mutations

You have a pair of horns on your head.
You reflexively headbutt those who attack you in melee.


Message History

You headbutt the earth elemental!
The earth elemental is moderately damaged.
You hit the earth elemental but do no damage.
Your headbutt misses the earth elemental.
The earth elemental is moderately damaged.
You hit the earth elemental but do no damage.
The earth elemental is moderately damaged.
The earth elemental hits you!!
You hit the earth elemental but do no damage.
The earth elemental is moderately damaged.
You hit the earth elemental but do no damage.
The earth elemental is moderately damaged.
You hit the earth elemental but do no damage.
You headbutt the earth elemental!
The earth elemental is heavily damaged.
The earth elemental misses you.
You hit the earth elemental but do no damage.
Your headbutt misses the earth elemental.
The earth elemental is heavily damaged.
You hit the earth elemental.
The earth elemental is heavily damaged.
You hit the earth elemental but do no damage.
The earth elemental is heavily damaged.
The earth elemental hits you!
You hit the earth elemental but do no damage.
The earth elemental is heavily damaged.
You slash the earth elemental!
The earth elemental is severely damaged.
The earth elemental hits you!!
You hit the earth elemental but do no damage.
You headbutt the earth elemental!
The earth elemental is almost destroyed.
You hit the earth elemental but do no damage.
You headbutt the earth elemental.
The earth elemental is almost destroyed.
You hit the earth elemental but do no damage.
You headbutt the earth elemental, but do no damage.
The earth elemental is almost destroyed.
The earth elemental hits you!!!
You die...

..#__)#)_#
#'#'###'##
.........#
⌠........#
..######'#
⌠.#__#...#+#######
..#__#...#..§§~'.#
###__#...#[#§§~#.#
):#__#...'.#.§§#@#
__#__'...#.#..§#.E.#
▓▓▓▓▓▓▓▓▓▓▓▓▓▓▓▓▓▓▓▓


You could see an earth elemental.

Vanquished Creatures
  Erica (D)
  A deep elf pyromancer (D)
  A shadow (D)
  A spatial vortex (D)
  A necrophage (D)
  A water elemental (D)
  A jelly (D)
  Crazy Yiuf (D)
  A wizard (D)
  A necromancer (D)
  A kobold demonologist (D)
  3 humans (D)
  4 rats (D)
18 creatures vanquished.

Notes
Turn   | Place    | Note
-------+----------+-------------------------------------------
     0 | D        | boopmooplesden the Minotaur Berserker began the quest for
                  | the Orb.
     0 | D        | Reached XP level 1. HP: 19/19 MP: 0/0
     8 | D        | Reached skill level 4 in Axes
    15 | D        | Reached ** piety under Trog
    43 | D        | Reached skill level 5 in Fighting
    43 | D        | Reached skill level 5 in Axes
    43 | D        | Reached XP level 2. HP: 29/29 MP: 1/1
   204 | D        | Noticed Crazy Yiuf
   212 | D        | Killed Crazy Yiuf
   213 | D        | Reached skill level 6 in Axes
   213 | D        | Reached XP level 3. HP: 38/38 MP: 2/2
   443 | D        | Noticed a water elemental
   447 | D        | Killed a water elemental
   448 | D        | Reached skill level 7 in Axes
   448 | D        | Reached skill level 1 in Stealth
   448 | D        | Reached XP level 4. HP: 48/48 MP: 3/3
   516 | D        | Found a basalt altar of Yredelemnul.
   516 | D        | Found a shadowy altar of Dithmenos.
   516 | D        | Found a sacrificial altar of Ru.
   516 | D        | Noticed a necrophage
   523 | D        | Killed a necrophage
   523 | D        | Reached *** piety under Trog
   524 | D        | Reached skill level 8 in Axes
   524 | D        | Reached XP level 5. HP: 56/56 MP: 4/4
   527 | D        | Reached skill level 9 in Axes
   636 | D        | Found a radiant altar of Vehumet.
   638 | D        | Found a shimmering blue altar of Sif Muna.
   638 | D        | Found an ancient bone altar of Kikubaaqudgha.
   643 | D        | Noticed a sixfirhy
   643 | D        | Reached **** piety under Trog
   692 | D        | Found a hide-covered altar of Uskayaw.
   692 | D        | Found an iron altar of Okawaru.
   692 | D        | Found a bloodstained altar of Trog.
   692 | D        | Found an ornate altar of the Wu Jian Council.
   692 | D        | Noticed a human
   692 | D        | Noticed a human
   696 | D        | Killed a human
   697 | D        | Reached skill level 10 in Fighting
   697 | D        | Reached skill level 11 in Axes
   697 | D        | Reached skill level 5 in Dodging
   697 | D        | Reached XP level 6. HP: 67/67 MP: 5/5
   703 | D        | Killed a human
   704 | D        | Reached skill level 12 in Axes
   704 | D        | Reached skill level 5 in Armour
   704 | D        | Reached XP level 7. HP: 74/74 MP: 6/6
   815 | D        | Found a glowing silver altar of Zin.
   817 | D        | Found a glowing golden altar of the Shining One.
   817 | D        | Found a white marble altar of Elyvilon.
   817 | D        | Noticed a deep elf pyromancer
   837 | D        | Killed a deep elf pyromancer
   838 | D        | Reached skill level 13 in Axes
   948 | D        | Noticed a shadow
   952 | D        | Killed a shadow
   953 | D        | Reached XP level 8. HP: 86/86 MP: 7/7
   956 | D        | Reached skill level 14 in Axes
  1054 | D        | Found a blossoming altar of Fedhas.
  1054 | D        | Found a stormy altar of Qazlal.
  1054 | D        | Found a snail-covered altar of Cheibriados.
  1054 | D        | Found a burning altar of Makhleb.
  1054 | D        | Found a shimmering altar of Xom.
  1055 | D        | Found a hazy altar of Hepliaklqana.
  1055 | D        | Found an opulent altar of Gozag.
  1055 | D        | Found a sparkling altar of Nemelex Xobeh.
  1055 | D        | Found a corrupted altar of Lugonu.
  1055 | D        | Found a viscous altar of Jiyva.
  1316 | D        | Noticed Erica
  1337 | D        | Killed Erica
  1337 | D        | Reached ***** piety under Trog
  1338 | D        | Reached skill level 15 in Axes
  1467 | D        | Mangled by an earth elemental

Illustrated notes

Levels and vault maps discovered:
D:        dungeon_sprint_mu [sprint_mu_entry_forest, sprint_mu_temple_rooms,
          sprint_mu_d1_horrors, sprint_mu_d2_genie, sprint_mu_d3_branching,
          sprint_mu_orc_legion, sprint_mu_elf_gauntlet, sprint_mu_hive_nellie,
          sprint_mu_lair_fedhas, sprint_mu_vaults_butterflies,
          sprint_mu_slime_circle, sprint_mu_swamp_cave, sprint_mu_shoals_archi,
          sprint_mu_blade_basic, sprint_mu_crypt_chambers,
          sprint_mu_tomb_spiral, sprint_mu_vestibule_basic,
          sprint_mu_gehenna_hellfire, sprint_mu_dis_giant,
          sprint_mu_tartarus_statrot, sprint_mu_cocytus_islands, sprint_mu_zot1]

Skill      XL: |  1  2  3  4  5  6  7  8 |
---------------+-------------------------+-----
Fighting       | 5 6 7 8 10 11 13 14 | 14.6
Axes           | 5 6 7 8 11 12 13 15 | 15.3
Armour         | 3 4 5 |  5.9
Dodging        | 3 4 5 7 8 |  8.2
Stealth        | 1 2 3 4 |  4.0

Action                   |  1- 3 |  4- 6 |  7- 9 || total
-------------------------+-------+-------+-------++-------
Melee: Hand axe          |    18 |    21 |    48 ||    87
       Headbutt          |     3 |     2 |     9 ||    14
       Punch             |       |       |     1 ||     1
Invok: Berserk           |     3 |     3 |     3 ||     9
       Trog's Hand       |       |       |     1 ||     1
       Brothers in Arms  |       |       |     1 ||     1
  Use: Scroll            |     3 |       |       ||     3
 Stab: Sleeping          |     1 |       |     1 ||     2
       Distracted        |       |       |     1 ||     1
Armor: Animal skin       |       |     1 |     1 ||     2
Dodge: Dodged            |     8 |     3 |    16 ||    27
